 Dungeon Crawl Stone Soup version 0.28-a0-1235-g7c8fac35f0 (webtiles) character file.

Game seed: 9545226919029120714

205 Zonian the Ruffian (level 5, -2/53 HPs)
             Began as a Troll Fighter on Dec 25, 2021.
             Slain by an orc (5 damage)
             ... on level 3 of the Dungeon.
             The game lasted 00:03:27 (1782 turns).

Zonian the Ruffian (Troll Fighter)                  Turns: 1782, Time: 00:03:28

Health: -2/53      AC:  4    Str: 24    XL:     5   Next: 53%
Magic:  4/4        EV:  8    Int:  4    God:
Gold:   105        SH:  8    Dex: 11    Spells: 4/4 levels left

rFire   . . .      SeeInvis .     - Unarmed
rCold   . . .      Faith    .   b - +0 kite shield
rNeg    . . .      Spirit   .   a - +0 robe
rPois   .          Reflect  .   (helmet restricted)
rElec   .          Harm     .   (no cloak)
rCorr   .          Rampage  .   (gloves unavailable)
Will    .....                   (boots unavailable)
Stlth   +.........              (no amulet)
HPRegen 0.97/turn               (no ring)
MPRegen 0.09/turn               (no ring)

@: brilliant
A: large, unfitting armour, claws 3, regeneration 1, shaggy fur 1, tough skin 1
a: no special abilities


You were on level 3 of the Dungeon.
You visited 1 branch of the dungeon, and saw 3 of its levels.

You collected 105 gold pieces.

Inventory:

Missiles
 j - 2 silver javelins (quivered)
Armour
 a - a +0 robe (worn)
 b - a +0 kite shield (worn)
 e - a +0 pair of boots
Scrolls
 d - a scroll of enchant weapon {unknown}
 g - a scroll of fear {unknown}
 l - a scroll of brand weapon {unknown}
 m - a scroll of torment {unknown}
 n - a scroll of teleportation {unknown}
 o - a scroll of blinking {unknown}
 p - a scroll of identify {unknown}
 r - a scroll of immolation {unknown}
 s - a scroll of magic mapping {unknown}
Potions
 c - a potion of might
 i - a potion of berserk rage {unknown}
 k - a potion of ambrosia {unknown}
 q - a potion of lignification {unknown}


   Skills:
 + Level 3.2 Fighting
 + Level 3.3 Dodging
 + Level 3.3 Shields
 + Level 3.4 Unarmed Combat


You had 4 spell levels left.
You didn't know any spells.
Your spell library contained the following spells:

 Spells                   Type           Power      Damage    Failure   Level
 Gell's Gravitas          Tloc           0%         N/A       99%         3
 Teleport Other           Tloc           0%         N/A       99%         3
 Dispersal                Tloc           0%         N/A       100%        6


Dungeon Overview and Level Annotations

Branches:
Dungeon (3/15)

Altars:

Shops:
D:1 [


Innate Abilities, Weirdness & Mutations

You are too large for most types of armour.
You have claws for hands.
Your natural rate of healing is unusually fast.
You are covered in fur. (AC +1)
You have tough skin. (AC +1)


Message History

Unknown command.
The worm barely misses you.
The orc wizard hits you with a +0 dagger.
Unknown command.
The orc hits you with a +0 trident! The orc wizard barely misses you.
Unknown command.
You barely miss the orc wizard. The orc hits you with a +0 trident!
The orc hits you with a +2 hand axe of freezing!
The orc freezes you. The orc wizard casts a spell at you.
The puff of flame hits you.
Unknown command.
It was a potion of brilliance.
You feel clever all of a sudden.
You feel less confused. The orc hits you with a +0 trident.
You block the orc's attack.
The orc wizard points at you and mumbles some strange words.
You resist with some effort. You block the worm's attack.
Okay, then.
You scratch the orc wizard.
The orc wizard is moderately wounded.
The orc hits you but does no damage.
The orc hits you with a +2 hand axe of freezing.
The orc freezes you.
* * * LOW HITPOINT WARNING * * *
The orc wizard hits you but does no damage.
You barely miss the orc wizard.
The orc wizard is moderately wounded.
The orc hits you with a +0 trident.
* * * LOW HITPOINT WARNING * * *
The orc hits you with a +2 hand axe of freezing.
* * * LOW HITPOINT WARNING * * *
The orc freezes you.
* * * LOW HITPOINT WARNING * * *
You block the worm's attack.
The orc wizard hits you with a +0 dagger.
* * * LOW HITPOINT WARNING * * *
The orc barely misses you.
It was a potion of magic.
Magic courses through your body.
The orc hits you with a +2 hand axe of freezing.
You die...

.##### ###.).......# ##
##.....#### <. #.......#
######.#### #..†....#
....#.....## #.......#
.....[.....####.†...##
..>....(....##.......#
......o.....##..)....###
......o@o...##..........
.......w....###......###
.$..........##..........
..?........###..##..#...
....#......###.##.#.#...
##########.....#..#.###.
#...##..###...#
#..##.##...#.#.
#..#...#.###.##


You could see a worm, an orc wizard and 2 orcs.

Vanquished Creatures
  Natasha (thrice) (D:2)
  4 gnolls (D:3)
  3 adders
  A worm (D:2)
  A dart slug (D:2)
  2 orcs (D:3)
  5 bats
  3 endoplasms
  4 giant cockroaches
  4 goblins
  5 hobgoblins
  10 jackals (D:1)
  2 quokkas
  4 frilled lizards
  5 kobolds
  5 rats
61 creatures vanquished.

Notes
Turn   | Place    | Note
-------+----------+-------------------------------------------
     0 | D:1      | Zonian the Troll Fighter began the quest for the Orb.
     0 | D:1      | Reached XP level 1. HP: 22/22 MP: 0/0
    45 | D:1      | You fall into a shaft and drop 1 floor!
    53 | D:2      | Reached XP level 2. HP: 25/29 MP: 1/1
    65 | D:2      | Noticed Natasha
    75 | D:2      | Killed Natasha
    75 | D:2      | Noticed Natasha
    76 | D:2      | Reached XP level 3. HP: 31/36 MP: 2/2
   117 | D:1      | Found Ytwosow's Antique Armour Shop.
   265 | D:1      | Found a faded altar of an unknown god.
  1035 | D:2      | Reached XP level 4. HP: 42/44 MP: 3/3
  1302 | D:2      | Killed Natasha
  1375 | D:2      | Noticed Natasha
  1380 | D:2      | Killed Natasha
  1381 | D:2      | Reached XP level 5. HP: 53/53 MP: 4/4
  1781 | D:3      | HP: 2/53 [orc wizard (2)]
  1782 | D:3      | Slain by an orc

Illustrated notes

Levels and vault maps discovered:
D:1:      minmay_arrival_doors, layout_loops_ring,
          shapermc_ecumenical_altar_venn, serial_shops, nicolae_shop_waterfront
D:2:      layout_loops_ring, uniq_natasha
D:3:      layout_rooms, kennysheep_slug_shrine, minmay_pentomino_pile

Skill      XL: |  1  2  3  4 |
---------------+-------------+-----
Dodging        | 3 |  3.3
Fighting       | 3 |  3.2
Shields        | 3 |  3.3
Unarmed Combat | 3 |  3.4

Action                   |  1- 3 |  4- 6 || total
-------------------------+-------+-------++-------
Melee: Unarmed           |    93 |    92 ||   185
  Use: Potion            |       |     2 ||     2
Armor: Robe              |    39 |    15 ||    54
Dodge: Dodged            |    34 |    31 ||    65
Block: Kite shield       |    30 |    50 ||    80

Table legend: (Time is in decaauts)
 A = Elapsed time spent in this place.
 B = Non-inter-level travel time spent in this place.
 C = Inter-level travel time spent in this place.
 D = Time resting spent in this place.
 E = Time spent auto-exploring this place.
 F = Levels seen in this place.
 G = Mean time per level.
                   A        B        C        D        E       F      G
               +--------+--------+--------+--------+--------+-----+--------+
         Total |   1820 |   1777 |     43 |     30 |   1234 |   3 |  606.7 |
       Dungeon |   1820 |   1777 |     43 |     30 |   1234 |   3 |  606.7 |
               +--------+--------+--------+--------+--------+-----+--------+

Top non-repeatable levels by time:
     D:2: 809 daAuts
     D:1: 733 daAuts
     D:3: 277 daAuts
